 Dungeon Crawl Stone Soup version 0.24-a0-408-gcc1054c7ca (webtiles) character file.

Game seed: 10188891345700372577

2412 theanonym the Grappler (level 9, 0/76 HPs)
             Began as a Troll Gladiator on June 5, 2019.
             Was a Believer of the Shining One.
             Slain by a gnoll
             ... wielding a cursed -3 club
              (2 damage)
             ... on level 8 of the Dungeon.
             The game lasted 00:08:04 (5469 turns).

theanonym the Grappler (Troll Gladiator)            Turns: 5469, Time: 00:08:05

Health: 0/76       AC: 10    Str: 27    XL:     9   Next: 23%
Magic:  8/8        EV:  5    Int:  4    God:    the Shining One [**....]
Gold:   519        SH: 13    Dex: 11    Spells: 8/8 levels left

rFire    . . .     SeeInvis +     - Unarmed
rCold    . . .     Gourm    +   E - +0 large shield
rNeg     + . .     Faith    .   i - +2 robe {MR+}
rPois    .         Spirit   .   b - +1 hat
rElec    .         Reflect  .   B - +0 cloak
rCorr    .         Harm     .   (gloves unavailable)
MR       +....                  (boots unavailable)
Stlth    +.........             (no amulet)
HPRegen  0.62/turn              q - +2 ring of slaying
MPRegen  0.11/turn              s - ring of see invisible

@: glowing
A: large, unfitting armour, claws 3, fast metabolism 3, gourmand, regeneration
1, shaggy fur 1, tough skin 3
a: Divine Shield, Renounce Religion


Innate Abilities, Weirdness & Mutations

You are too large for most types of armour.
You have claws for hands.
Your metabolism is lightning-fast.
You like to eat raw meat.
Your natural rate of healing is unusually fast.
You are covered in fur. (AC +1)
You have extremely tough skin. (AC +3)


   Skills:
 - Level 1.5 Fighting
 - Level 1.7 Throwing
 - Level 2.4 Dodging
 * Level 12.4 Unarmed Combat


You had 8 spell levels left.
You didn't know any spells.
Your spell library was empty.

Skill      XL: |  1  2  3  4  5  6  7  8  9 |
---------------+----------------------------+-----
Unarmed Combat | 4 5 7 8 9 11 12 | 12.4
Fighting       | |  1.5
Throwing       | |  1.7
Dodging        | |  2.4

Action                   |  1- 3 |  4- 6 |  7- 9 || total
-------------------------+-------+-------+-------++-------
Melee: Unarmed           |    93 |   149 |   233 ||   475
Throw: Throwing net      |       |     3 |     1 ||     4
  Use: Scroll            |       |     8 |     4 ||    12
       Potion            |       |     1 |       ||     1
 Stab: Sleeping          |       |     2 |       ||     2
  Eat: Chunk             |    13 |    16 |    26 ||    55
Armor: Robe              |    35 |    40 |    44 ||   119
       Animal skin       |       |    11 |    42 ||    53
       Skin              |       |    11 |       ||    11
Dodge: Dodged            |    26 |    20 |    44 ||    90
Block: Large shield      |    65 |    91 |   171 ||   327

Inventory:

Missiles
 c - 3 throwing nets (quivered)
Armour
 b - a +1 hat (worn)
 i - a +2 robe of magic resistance (worn)
 B - a +0 cloak (worn)
 E - a +0 large shield (worn)
Jewellery
 o - an uncursed ring of fire
 q - a +2 ring of slaying (left claw)
 s - a ring of see invisible (right claw)
Wands
 d - a wand of digging (12)
 v - a wand of acid (4)
 w - a wand of flame (21)
Scrolls
 a - a scroll of fear {unknown}
 f - a scroll of fog
 g - 3 scrolls of amnesia
 k - a scroll of immolation
 l - 2 scrolls of enchant weapon {unknown}
 m - a scroll of noise {unknown}
 n - 3 scrolls of remove curse
 r - a scroll of identify
 t - 2 scrolls of teleportation
 y - a scroll of torment {unknown}
 A - a scroll of magic mapping {unknown}
Potions
 h - 3 potions of haste
 j - 2 potions of magic
 p - 2 potions of mutation {unknown}
 x - 2 potions of resistance {unknown}
 z - 2 potions of might {unknown}
 C - 3 potions of curing
 D - a potion of heal wounds {unknown}
 F - a potion of cancellation {unknown}
Comestibles
 e - 10 rations


You were on level 8 of the Dungeon.
You worshipped the Shining One.
The Shining One was pleased with you.
You were very full.

You visited 2 branches of the dungeon, and saw 9 of its levels.

You collected 519 gold pieces.

Dungeon Overview and Level Annotations

Branches:
Dungeon (8/15)             Temple (1/1) D:6
   Lair: D:8-11

Altars:
Ashenzari
Cheibriados
Dithmenos
Elyvilon
Fedhas
Gozag
Hepliaklqana
Kikubaaqudgha
Makhleb
Nemelex Xobeh
Okawaru
Qazlal
Ru
Sif Muna
Trog
Uskayaw
Vehumet
Wu Jian
Xom
Yredelemnul
The Shining One

Shops:
D:5

% ### ...#
######### ....#
#........
.....##........
.>....#........
...............
.(....gYgg.....
.......@g......
......O........
..............?
....$..........
...........###.
............
...........##
...........#


You could see a two-headed ogre, an ice beast and 4 gnolls.

Notes
Turn   | Place    | Note
-------+----------+-------------------------------------------
     0 | D:1      | theanonym the Troll Gladiator began the quest for the Orb.
     0 | D:1      | Reached XP level 1. HP: 19/19 MP: 0/0
   117 | D:1      | Reached XP level 2. HP: 27/27 MP: 1/1
   362 | D:1      | Reached skill level 4 in Unarmed Combat
   681 | D:1      | Reached XP level 3. HP: 32/33 MP: 2/2
   863 | D:2      | Reached XP level 4. HP: 37/41 MP: 3/3
   995 | D:2      | Reached skill level 5 in Unarmed Combat
  1653 | D:3      | Noticed Robin
  1668 | D:3      | HP: 20/41 [goblin/+0 dagger[Robin] (3)]
  1676 | D:3      | HP: 18/41 [goblin/+0 dagger[Robin] (2)]
  1694 | D:3      | Killed Robin
  1804 | D:3      | Reached XP level 5. HP: 48/48 MP: 4/4
  1855 | D:3      | Noticed Ijyb
  1865 | D:3      | Killed Ijyb
  1865 | D:3      | Reached skill level 6 in Unarmed Combat
  2374 | D:3      | You fall into a shaft and drop 3 floors!
  2415 | D:6      | Noticed an ogre
  2419 | D:6      | Killed an ogre
  2419 | D:6      | Reached skill level 7 in Unarmed Combat
  2419 | D:6      | Reached XP level 6. HP: 54/55 MP: 5/5
  2447 | D:6      | HP: 26/55 [centaur (5)]
  2535 | D:6      | Reached skill level 8 in Unarmed Combat
  2559 | D:6      | Reached XP level 7. HP: 36/62 MP: 6/6
  2611 | D:6      | Found a staircase to the Ecumenical Temple.
  2620 | Temple   | Entered the Ecumenical Temple
  2872 | Temple   | Became a worshipper of the Shining One
  3057 | D:5      | Entered Level 5 of the Dungeon
  3121 | D:4      | Noticed Pikel
  3137 | D:4      | Killed Pikel
  3137 | D:4      | Reached skill level 9 in Unarmed Combat
  3137 | D:4      | Reached XP level 8. HP: 70/70 MP: 7/7
  3179 | D:4      | Reached skill level 10 in Unarmed Combat
  3803 | D:5      | Reached * piety under the Shining One
  3840 | D:5      | Found Jioschun's Food Shop.
  4031 | D:5      | Reached skill level 11 in Unarmed Combat
  4980 | D:7      | Reached ** piety under the Shining One
  5034 | D:7      | Reached XP level 9. HP: 73/76 MP: 8/8
  5045 | D:7      | Reached skill level 12 in Unarmed Combat
  5420 | D:7      | Found a runed translucent door.
  5421 | D:7      | Noticed Crazy Yiuf
  5426 | D:7      | Killed Crazy Yiuf
  5460 | D:8      | Noticed a two-headed ogre
  5468 | D:8      | HP: 34/76 [two-headed ogre/+0 giant club (25)]
  5469 | D:8      | HP: 2/76 [two-headed ogre/+0 giant club (15)]
  5469 | D:8      | Slain by a gnoll

Vanquished Creatures
  Pikel (D:4)
  2 orc warriors (D:7)
  A sky beast (D:7)
  2 ogres
  A centaur (D:6)
  A bullfrog (D:6)
  A gnoll sergeant (D:6)
  A scorpion (D:6)
  A water moccasin skeleton (D:5)
  3 killer bees
  3 crimson imps
  2 centaur zombies
  4 hounds
  5 orc priests
  A bullfrog skeleton (D:5)
  Ijyb (D:3)
  Crazy Yiuf (D:7)
  An iguana (D:7)
  3 orc wizards
  4 worker ants
  Robin (D:3)
  3 gnolls (D:6)
  15 adders
  4 shadow imps
  An ooze (D:4)
  An adder skeleton (D:6)
  An adder zombie (D:6)
  5 worms
  2 dart slugs
  4 leopard geckos
  27 orcs
  2 ball pythons
  6 giant cockroaches
  16 goblins
  13 hobgoblins
  8 jackals
  8 kobolds
  A quokka (D:5)
  8 bats
  6 frilled lizards
  A jackal skeleton (D:6)
  A leopard gecko zombie (D:6)
  A quokka skeleton (D:6)
  6 rats
  A fungus (D:7)
181 creatures vanquished.

Table legend:
 A = Turns spent in this place as a percentage of turns spent in the entire game.
 B = Non-inter-level travel turns spent in this place as a percentage of non-inter-level travel turns spent in the entire game.
 C = Inter-level travel turns spent in this place as a percentage of turns spent in this place.
 D = Turns resting spent in this place as a percentage of non-inter-level travel turns spent in this place.
 E = Turns spent auto-exploring this place as a percentage of non-inter-level travel turns spent in this place.
 F = Non-inter-level travel turns spent in this place divided by the number of levels of this place that you've seen.
                   A       B       C       D       E      F
               +-------+-------+-------+-------+-------+----------------------
         Total | 100.0 | 100.0 |   6.6 |   4.2 |  77.3 | 567.6
       Dungeon |  95.0 |  95.3 |   6.3 |   4.4 |  76.3 | 608.5
        Temple |   5.0 |   4.7 |  12.1 |   0.0 |  99.2 | 240.0
               +-------+-------+-------+-------+-------+----------------------
